 Dungeon Crawl Stone Soup version 0.16-a0-4133-g472b14a (webtiles) character file.

564 MrRokkomies the Insei (level 7, -1/48 HPs)
             Began as a Human Transmuter on Mar 2, 2015.
             Was a Follower of Okawaru.
             Killed from afar by Duvessa (9 damage)
             ... with a wand of magic darts
             ... on level 4 of the Dungeon on Mar 3, 2015.
             The game lasted 00:12:20 (4269 turns).

MrRokkomies the Insei (Human Transmuter)            Turns: 4269, Time: 00:12:20

Health: -1/48      AC:  2    Str: 12      XL:     7   Next: 58%
Magic:  6/12       EV: 23    Int: 12 (13) God:    Okawaru [*.....]
Gold:   116        SH:  0    Dex: 19      Spells: 3 memorised, 4 levels left

rFire  . . .     SeeInvis .       - Unarmed
rCold  . . .     Clarity  .     h - melded +1 robe {rC+} (curse)
rNeg   . . .     SustAb   .     (shield currently unavailable)
rPois  x         Gourm    .     (helmet currently unavailable)
rElec  .         Spirit   .     (cloak currently unavailable)
rCorr  .         Warding  .     (gloves currently unavailable)
rMut   .         Stasis   .     (boots currently unavailable)
MR     .....                    (no amulet)
Stlth  ++........               (no ring)
                                (no ring)

@: spider-form, very slightly contaminated, not resistant to hostile
enchantments, unstealthy
A: no striking features
a: End Transformation, Heroism, Renounce Religion


You were on level 4 of the Dungeon.
You worshipped Okawaru.
Okawaru was aware of your devotion.
You were not hungry.
You were a venomous arachnid creature.
You visited 1 branch of the dungeon, and saw 4 of its levels.

You collected 116 gold pieces.

Inventory:

Hand weapons
 k - a +1 dagger of venom
Missiles
 b - 46 arrows
 r - 40 stones (quivered)
Armour
 h - a cursed +1 robe of cold resistance (melded)
Magical devices
 l - a wand of heal wounds (4)
 o - a wand of slowing (3)
Scrolls
 e - 2 scrolls of teleportation
 i - 2 scrolls of immolation
 j - a scroll of fear
 p - a scroll of blinking
 s - a scroll of enchant weapon
Potions
 c - a potion of agility
 f - a potion of flight
 n - a potion of magic {unknown}
 q - a potion of curing {unknown}
Books
 d - a book of Changes

   Spells                             Type                      Level
   a - Beastly Appendage              Transmutation                1
   b - Sticks to Snakes               Transmutation                2
   c - Spider Form                    Transmutation/Poison         3
   d - Ice Form                       Ice/Transmutation            4
   e - Blade Hands                    Transmutation                5
Comestibles
 a - a bread ration
 g - 2 beef jerkies


   Skills:
 - Level 1.0 Fighting
 * Level 4.5 Dodging
 * Level 5.9 Unarmed Combat
 - Level 2.0 Spellcasting
 - Level 4.2 Transmutations


You had 4 spell levels left.
You knew the following spells:

 Your Spells              Type           Power        Failure   Level  Hunger
a - Beastly Appendage     Trmt           ##....       17%         1    ##.....
b - Sticks to Snakes      Trmt           ##........   24%         2    ###....
c - Spider Form           Trmt/Pois      #.........   56%         3    ####...


Dungeon Overview and Level Annotations

Branches:
Dungeon (4/15)
 Temple: D:4-7

Altars:
Okawaru
Trog

Annotations:
D:4 Dowan, Duvessa


Message History

Your cursed +1 robe of cold resistance melds into your body.
You feel less resistant to cold. The giant newt bites you.
You bite the giant newt!
You kill the giant newt!
Okawaru accepts your kill.
Duvessa zaps a wand.
The magic dart hits you! Duvessa completely misses you.
You hit Duvessa.
Duvessa is poisoned.
Duvessa is lightly wounded.
Dowan drinks a potion.
Dowan suddenly seems more agile.
Duvessa zaps a wand.
The magic dart hits you!
You hit Duvessa but do no damage.
Duvessa is lightly wounded.
Dowan casts a spell at you. The puff of flame hits you!
* * * LOW HITPOINT WARNING * * *
Duvessa hits you with a short sword.
* * * LOW HITPOINT WARNING * * *
Duvessa zaps a wand.
The magic dart hits you!
You die...

##. ##.##.# ..#
#.##.###### #..
..#........ #.#
####..######
#.########..#
............#
#.#########.# #.# #รท#
#s# #.#
##.#########.###
#.###.e.......e....####
#.....<................
###................####
##...##########.##
##.## #.##### #.
#...... .. #######


You could see Duvessa.

Vanquished Creatures
  Menkaure (D:4)
  Purgy (D:3)
  Sigmund (D:3)
  An orc priest (D:3)
  A hound (D:4)
  2 orc wizards (D:4)
  An iguana (D:4)
  Natasha (twice) (D:3)
  A worker ant (D:4)
  2 adders
  4 worms
  4 giant geckos
  3 orcs
  4 goblins
  2 hobgoblins
  A quokka (D:4)
  2 ball pythons
  4 bats
  4 giant cockroaches
  4 giant newts
  4 kobolds
  5 rats
54 creatures vanquished.

Notes
Turn   | Place    | Note
--------------------------------------------------------------
     0 | D:1      | MrRokkomies, the Human Transmuter, began the quest for the Orb.
     0 | D:1      | Reached XP level 1. HP: 15/15 MP: 3/3
   581 | D:1      | Reached XP level 2. HP: 15/21 MP: 4/4
  1236 | D:2      | Reached XP level 3. HP: 7/26 MP: 4/6
  1366 | D:2      | Learned a level 2 spell: Sticks to Snakes
  1370 | D:2      | Learned a level 3 spell: Spider Form
  1998 | D:3      | Noticed Sigmund
  2157 | D:4      | Reached XP level 4. HP: 19/32 MP: 0/7
  2338 | D:3      | Killed Sigmund
  2338 | D:3      | Reached skill level 4 in Unarmed Combat
  2338 | D:3      | Reached XP level 5. HP: 27/37 MP: 3/9
  2662 | D:3      | Found an iron altar of Okawaru.
  2664 | D:3      | Noticed Natasha
  2682 | D:3      | Killed Natasha
  2744 | D:3      | Became a worshipper of Warmaster Okawaru
  2790 | D:3      | Found a bloodstained altar of Trog.
  2812 | D:3      | Reached XP level 6. HP: 26/43 MP: 4/10
  2944 | D:3      | Noticed Purgy
  2963 | D:3      | Killed Purgy
  2963 | D:3      | Reached skill level 5 in Unarmed Combat
  3044 | D:3      | Noticed Natasha
  3050 | D:3      | Killed Natasha
  3280 | D:3      | Upgraded the game from 0.16-a0-4123-g49b462e to 0.16-a0-4133-g472b14a
  3340 | D:4      | Reached XP level 7. HP: 16/48 MP: 2/12
  3559 | D:4      | Acquired Okawaru's first power
  3712 | D:4      | Noticed Menkaure
  3734 | D:4      | Killed Menkaure
  3948 | D:4      | Noticed Duvessa
  3949 | D:4      | Noticed Dowan
  4269 | D:4      | Killed from afar by Duvessa

Action                   |  1- 3 |  4- 6 |  7- 9 || total
-------------------------+-------+-------+-------++-------
Melee: Unarmed           |   115 |   108 |    35 ||   258
 Cast: Beastly Appendage |     7 |     4 |     2 ||    13
       Spider Form       |     2 |     5 |     3 ||    10
  Use: Scroll            |     8 |     4 |       ||    12
       Potion            |       |     2 |       ||     2
 Stab: Sleeping          |     2 |       |       ||     2
  Eat: Chunk             |     3 |     2 |     2 ||     7
       Meat ration       |     1 |       |       ||     1
       Bread ration      |       |       |     1 ||     1
